Map: Orbital Shipyard

Players

MCanning - Winner!

  • Race: Protoss Protoss
  • League: Grandmaster

PracticeX

  • Race: Terran Terran
  • League: Grandmaster

VOD

Have the link to the VOD?

Description

Time

  • Played on: Dec. 4, 2015, 12:39 a.m.
  • Length: 16:07
Show
View Real Time Build Order
Export as new Build Order

MCanning Protoss - Winner!

Build Orders: 1 Gate Expand, Double Forge, Blink Stalkers 

Get SALT Encoding   

  12  0:02  Probe (Chrono Boost)  
  13  0:12  Probe (Chrono Boost)  
  14  0:17  Pylon  
  14  0:23  Probe (Chrono Boost)  
  15  0:36  Probe (Chrono Boost)  
  15  0:39  Gateway  
  16  0:46  Probe (Chrono Boost)  
  16  0:47  Assimilator  
  18  0:57  Probe (Chrono Boost)  
  18  1:07  Probe (Chrono Boost)  
  19  1:20  Nexus  
  19  1:29  Probe (Chrono Boost)  
  20  1:34  Cybernetics Core  
  21  1:40  Probe (Chrono Boost)  
  21  1:46  Assimilator  
  21  1:50  Probe (Chrono Boost)  
  22  1:54  Pylon  
  22  2:01  Probe (Chrono Boost)  
  23  2:13  Mothership Core (Chrono Boost)  
  25  2:17  Adept  
  27  2:27  Warp Gate  
  27  2:29  Pylon  
  27  2:31  Probe (Chrono Boost)  
  27  2:32  Probe (Chrono Boost)  
  29  2:42  Probe (Chrono Boost)  
  29  2:43  Probe (Chrono Boost)  
  31  2:48  Twilight Council  
  31  2:52  Probe (Chrono Boost)  
  31  2:54  Probe (Chrono Boost)  
  33  3:03  Probe (Chrono Boost)  
  33  3:04  Probe (Chrono Boost)  
  35  3:12  Sentry  
  36  3:13  Probe (Chrono Boost)  
  36  3:15  Probe (Chrono Boost)  
  38  3:24  Probe (Chrono Boost)  
  38  3:25  Probe (Chrono Boost)  
  40  3:28  Blink  
  40  3:33  Gateway  
  40  3:34  Probe (Chrono Boost)  
  40  3:35  Gateway  
  40  3:41  Probe (Chrono Boost)  
  42  3:47  Probe (Chrono Boost)  
  43  3:56  Robotics Facility  
  43  3:58  Probe (Chrono Boost)  
  43  4:00  Probe (Chrono Boost)  
  45  4:02  Pylon  
  45  4:03  Pylon  
  45  4:08  Probe (Chrono Boost)  
  46  4:11  Probe (Chrono Boost), Assimilator  
  46  4:15  Pylon, Assimilator  
  47  4:19  Probe (Chrono Boost)  
  47  4:21  Probe (Chrono Boost)  
  49  4:29  Probe (Chrono Boost)  
  49  4:30  Gateway  
  50  4:32  Probe (Chrono Boost)  
  50  4:37  Pylon  
  51  4:40  Probe (Chrono Boost)  
  51  4:41  Forge  
  51  4:42  Probe (Chrono Boost)  
  51  4:43  Observer (Chrono Boost), Forge  
  54  4:51  Probe  
  55  4:54  Probe  
  56  5:02  Observer (Chrono Boost), Robotics Bay  
  56  5:03  Probe, Protoss Ground Weapons Level 1 (Chrono Boost)  
  56  5:04  Pylon  
  56  5:06  Probe  
  59  5:16  Pylon  
  59  5:17  Protoss Ground Armor Level 1 (Chrono Boost)  
  59  5:21  Immortal (Chrono Boost)  
  63  5:24  Gateway  
  63  5:26  Gateway  
  63  5:42  Stalker  
  63  5:43  Stalker x3  
  63  5:44  Probe  
  72  5:56  Disruptor (Chrono Boost)  
  70  6:06  Stalker  
  70  6:07  Stalker x3  
  70  6:08  Probe  
  79  6:12  Photon Cannon  
  79  6:15  Pylon  
  79  6:19  Pylon  
  79  6:22  Pylon  
  79  6:28  Disruptor (Chrono Boost)  
  82  6:33  Stalker x2  
  82  6:35  Photon Cannon  
  86  6:40  Resonating Glaives  
  86  6:49  Adept x3  
  86  6:50  Adept  
  86  6:51  Probe  
  95  7:03  Disruptor  
  98  7:10  Probe, Nexus  
  98  7:11  Pylon  
  98  7:12  Pylon  
  98  7:13  Probe  
  100  7:19  Stalker x2  
  104  7:27  Probe  
  105  7:31  Adept  
  105  7:32  Adept x3  
  105  7:33  Probe  
  114  7:39  Disruptor (Chrono Boost)  
  117  7:47  Probe  
  117  7:51  Probe  
  119  7:55  Stalker x4  
  127  7:59  Adept  
  127  8:02  Adept  
  127  8:05  Probe  
  132  8:06  Probe  
  133  8:13  Assimilator  
  133  8:18  Assimilator  
  133  8:22  Probe  
  134  8:30  Adept x4  
  139  8:36  Adept x2  
  139  8:39  Probe (Chrono Boost)  
  140  8:42  Probe (Chrono Boost)  
  140  8:44  Probe (Chrono Boost)  
  140  8:46  Warp Prism (Chrono Boost), Photon Cannon  
  142  8:49  Mothership Core (Chrono Boost)  
  146  9:00  Protoss Ground Armor Level 2 (Chrono Boost), Protoss Ground Weapons Level 2 (Chrono Boost)  
  146  9:06  Adept  
  148  9:11  Pylon  
  148  9:12  Pylon  
  148  9:15  Pylon  
  148  9:21  Photon Cannon  
  148  9:26  Photon Cannon  
  148  9:30  Probe  
  149  9:32  Adept  
  149  9:34  Probe  
  149  9:35  Probe  
  149  9:37  Nexus  
  153  9:39  Pylon  
  153  9:42  Probe  
  136  9:46  Probe  
  136  9:49  Probe  
  136  9:50  Disruptor  
  136  9:51  Stalker x2  
  136  9:52  Stalker x2  
  142  9:58  Probe  
  142  9:59  Probe  
  147  10:02  Probe  
  141  10:08  Adept  
  141  10:09  Adept  
  141  10:12  Probe  
  141  10:14  Probe  
  141  10:24  Probe  
  141  10:27  Stalker x2  
  141  10:28  Stalker x2  
  146  10:30  Probe  
  146  10:35  Gateway x2  
  147  10:39  Disruptor  
  147  10:40  Gateway  
  147  10:43  Probe, Dark Shrine  
  147  10:47  Probe  
  152  10:51  Probe x2  
  152  10:56  Assimilator  
  154  11:00  Templar Archives, Assimilator  
  154  11:04  Adept x2, Pylon  
  154  11:05  Adept  
  154  11:10  Adept  
  162  11:18  Probe  
  144  11:26  Adept x3  
  144  11:27  Adept x2  
  144  11:30  Adept, Disruptor  
  142  11:45  Stalker x3  
  144  11:48  Probe  
  137  11:55  Stalker x4  
  145  12:05  Adept  
  145  12:07  Probe x2  
  145  12:16  Dark Templar  
  145  12:18  Dark Templar  
  149  12:24  Stalker x2  
  149  12:25  Stalker x3  
  149  12:26  Disruptor  
  159  12:32  Probe  
  161  12:39  Probe  
  161  12:40  Probe  
  161  12:42  Dark Templar  
  155  12:53  Probe  
  155  12:54  Probe  
  155  12:57  Protoss Ground Armor Level 3 (Chrono Boost)  
  155  13:00  Protoss Ground Weapons Level 3 (Chrono Boost)  
  155  13:03  Nexus  
  155  13:04  Disruptor  
  155  13:05  Probe  
  143  13:06  Pylon  
  142  13:13  Adept x4  
  142  13:14  Adept x3  
  142  13:19  Probe  
  153  13:35  Disruptor  
  153  13:38  Probe  
  157  13:43  Probe  
  157  13:44  Stalker  
  157  13:45  Stalker x5  
  168  13:53  Gateway, Robotics Facility  
  166  14:06  Disruptor  
  167  14:10  Probe  
  167  14:11  Dark Templar x2  
  167  14:12  High Templar x2  
  167  14:16  Archon x2  
  176  14:18  Dark Templar  
  176  14:22  Stalker  
  178  14:29  Photon Cannon  
  178  14:32  Stalker x2  
  178  14:34  Probe, Assimilator  
  178  14:37  Probe, Photon Cannon  
  182  14:39  Probe, Pylon, Photon Cannon  
  182  14:40  Assimilator  
  182  14:44  Stalker x3  
  172  14:49  Probe  
  171  14:53  Adept x3  
  171  14:54  Probe  
  171  14:55  Probe  
  167  15:07  Probe  
  167  15:13  Probe  
  151  15:15  Stalker x2  
  151  15:16  Stalker x4  
  151  15:17  Probe  
  151  15:21  Probe  
  165  15:22  Dark Templar  
  165  15:28  Probe  
  168  15:32  Stalker  
  168  15:34  Probe  
  171  15:37  Probe  
  171  15:40  Pylon  
  168  15:47  Probe  
  159  15:54  Stalker, Probe  
  159  15:55  Stalker x6  
Show
View Real Time Build Order
Export as new Build Order

PracticeX Terran 

Build Orders: Reaper Expand, MMM Bio 

Get SALT Encoding   

  12  0:01  SCV  
  13  0:13  SCV  
  14  0:18  Supply Depot  
  14  0:25  SCV  
  15  0:40  SCV  
  16  0:43  Barracks  
  16  0:46  Refinery  
  16  0:52  SCV  
  17  1:04  SCV  
  18  1:16  SCV  
  19  1:30  Orbital Command  
  19  1:31  Reaper  
  20  1:45  Command Center  
  20  1:57  SCV  
  21  2:03  Barracks Tech Lab  
  21  2:04  Barracks  
  21  2:15  SCV  
  22  2:16  Supply Depot  
  22  2:27  SCV, Stimpack  
  23  2:31  Refinery  
  22  2:38  Marauder  
  22  2:39  Supply Depot  
  22  2:40  SCV  
  25  2:52  SCV  
  25  2:53  Barracks Reactor  
  26  2:59  Marine  
  26  3:02  Orbital Command  
  26  3:04  SCV  
  28  3:13  Factory  
  28  3:16  Marine  
  28  3:17  SCV  
  30  3:22  Engineering Bay  
  30  3:31  Marine x2  
  30  3:34  SCV, Marine  
  33  3:48  SCV, Marine  
  33  3:49  Marine  
  33  3:52  Marine  
  36  3:55  SCV  
  36  3:57  Starport, Factory Reactor  
  36  4:00  SCV  
  37  4:06  Marine x2  
  37  4:07  SCV  
  40  4:10  Marine  
  40  4:14  Barracks  
  40  4:16  SCV  
  42  4:20  SCV, Refinery  
  43  4:24  Marine x2  
  43  4:28  Combat Shields, Marauder  
  43  4:29  SCV  
  48  4:32  SCV  
  49  4:39  Supply Depot  
  49  4:41  SCV  
  49  4:43  Medivac x2  
  54  4:52  Supply Depot  
  54  4:57  Terran Infantry Weapons Level 1  
  54  5:00  SCV x2, Marine  
  54  5:02  Barracks Tech Lab  
  54  5:04  Supply Depot  
  54  5:05  Marine  
  54  5:06  Marine  
  59  5:09  Factory Tech Lab  
  59  5:13  SCV x2  
  61  5:18  Viking, Marine  
  64  5:25  SCV  
  65  5:29  Barracks  
  65  5:30  Medivac  
  65  5:31  Barracks, Concussive Shells  
  67  5:36  SCV  
  67  5:37  Supply Depot  
  67  5:38  SCV  
  69  5:43  Marine  
  69  5:48  SCV, Siege Tank  
  74  5:50  SCV  
  70  6:09  Marine  
  70  6:10  Marine, Marauder  
  70  6:11  Marauder  
  76  6:17  Missile Turret  
  76  6:19  Barracks Tech Lab, Refinery  
  76  6:20  Siege Tank  
  76  6:21  Barracks Reactor  
  76  6:23  Supply Depot  
  79  6:26  Command Center  
  79  6:28  Marine x2  
  79  6:30  Marine  
  82  6:34  Armory  
  82  6:35  SCV  
  83  6:42  Engineering Bay  
  83  6:44  Marine  
  83  6:45  Supply Depot  
  83  6:46  Marine  
  83  6:47  Marine  
  84  6:50  Marine  
  84  6:51  Terran Infantry Armor Level 1  
  87  6:55  Medivac  
  87  6:59  Marine x3  
  92  7:03  Liberator  
  92  7:05  Missile Turret  
  92  7:08  Missile Turret  
  92  7:11  Marine  
  92  7:13  SCV  
  94  7:16  Supply Depot  
  97  7:22  Missile Turret  
  97  7:28  Supply Depot  
  94  7:31  Terran Infantry Weapons Level 2  
  94  7:35  Liberator, Marauder  
  96  7:41  Siege Tank  
  99  7:45  Orbital Command  
  99  7:46  SCV  
  99  7:47  SCV  
  101  7:54  Marine  
  106  7:58  SCV  
  106  8:04  Medivac  
  106  8:05  Marauder x2, Marine  
  113  8:06  SCV  
  113  8:08  Marine  
  113  8:10  SCV  
  116  8:15  SCV, Supply Depot  
  116  8:16  Marine x3  
  102  8:37  Marauder, Marine  
  102  8:38  Marauder x2, Marine x3  
  102  8:39  Medivac x2  
  99  8:46  Siege Tank  
  102  8:53  SCV  
  102  8:54  SCV x2  
  102  8:55  Refinery, Marine x2  
  106  8:59  Marauder  
  106  9:00  Marauder  
  111  9:03  Marauder, Marine  
  111  9:05  SCV  
  111  9:06  SCV  
  111  9:07  SCV  
  117  9:13  Marine, Liberator x2  
  117  9:16  Command Center  
  118  9:17  SCV  
  118  9:18  SCV  
  118  9:21  Refinery, Marauder  
  127  9:32  Marine  
  127  9:33  Marauder  
  127  9:35  SCV  
  122  9:46  Terran Infantry Armor Level 2  
  122  9:49  Marine  
  122  9:50  Marauder  
  125  9:55  Barracks, Liberator  
  125  9:56  Siege Tank, Barracks  
  125  9:57  Barracks  
  125  9:58  Supply Depot x2  
  114  10:13  Marine, Medivac  
  121  10:14  Marauder  
  120  10:25  Marine  
  120  10:26  Marauder, Liberator  
  117  10:29  Marine, Orbital Command  
  117  10:30  Marauder, Marine  
  117  10:31  Marine  
  124  10:35  Marauder  
  124  10:44  Barracks Tech Lab x2  
  124  10:46  Barracks Tech Lab  
  124  10:47  Marauder  
  124  10:49  Marine x3  
  132  10:51  Marauder  
  132  10:53  Marine  
  132  10:55  Medivac  
  139  10:57  Marauder  
  139  11:00  Siege Tank  
  142  11:06  Marine  
  142  11:09  Marine, Marauder  
  142  11:10  Marauder  
  148  11:13  Marauder  
  144  11:22  Marine  
  144  11:23  Liberator, Marauder  
  144  11:24  Marine x2  
  144  11:25  Marauder x2  
  146  11:30  Marine  
  146  11:31  Liberator, Marauder, Marine  
  148  11:34  Marauder  
  144  11:56  Siege Tank  
  144  11:57  Marine  
  148  12:03  Terran Infantry Weapons Level 3  
  148  12:06  Marauder, Liberator, Marine x2  
  146  12:10  Refinery, Marine x2  
  139  12:17  Marauder, Marine  
  139  12:19  Marine  
  143  12:24  Marauder, Marine  
  143  12:25  Marine  
  143  12:28  Siege Tank  
  153  12:31  Medivac  
  143  12:45  Marine  
  143  12:50  Supply Depot  
  141  12:55  Marine  
  141  12:56  Marauder  
  144  13:00  Siege Tank  
  144  13:02  Liberator  
  144  13:04  Orbital Command  
  143  13:11  Marauder, Marine  
  143  13:17  Supply Depot x2  
  143  13:18  Missile Turret x2  
  146  13:21  Marine  
  145  13:33  Siege Tank, Marine  
  145  13:34  Marauder  
  144  13:42  Marauder, Marine  
  139  13:58  Missile Turret  
  139  14:01  SCV  
  140  14:04  SCV  
  140  14:05  Siege Tank  
  140  14:08  Marine  
  145  14:10  Marine  
  146  14:20  Command Center  
  146  14:22  SCV, Missile Turret  
  132  14:40  Marine  
  132  14:41  Marauder  
  132  14:44  Marauder, Marine  
  132  14:45  Marine  
  123  14:46  Marauder  
  123  14:48  Siege Tank, Marine  
  123  14:49  Marauder  
  84  15:16  Medivac  
  84  15:17  Marine x2  
  84  15:18  Marauder x3, Marine  
  84  15:19  Marauder  
  97  15:25  Marine x2  
  78  15:43  Marine  
  78  15:44  Marauder  
Tags
 
Add a new tag
Caveats
  • Supply blocks, unpowered buildings, or Contaminate may cause inaccurate times.
  • Supply counts are checked every 10 seconds.